 Dungeon Crawl Stone Soup version 0.23.0-38-g208d714 (webtiles) character file.

Game seed: 0

114 Hasart the Digger (level 4, -1/24 HPs)
             Began as a Deep Elf Earth Elementalist on Feb 27, 2019.
             Slain by a worker ant (5 damage)
             ... on level 4 of the Dungeon on Feb 28, 2019.
             The game lasted 00:07:30 (1976 turns).

Hasart the Digger (Deep Elf Earth Elementalist)     Turns: 1976, Time: 00:07:30

Health: -1/24      AC:  5    Str:  5    XL:     4   Next: 66%
Magic:  1/12       EV: 13    Int: 21    God:
Gold:   141        SH:  0    Dex: 15    Spells: 8/12 levels left

rFire    . . .     SeeInvis .   j - +0 short sword
rCold    . . .     Gourm    .   (no shield)
rNeg     . . .     Faith    .   c - +0 robe
rPois    .         Spirit   .   (no helmet)
rElec    .         Reflect  .   (no cloak)
rCorr    .         Harm     .   f - +0 pair of gloves
MR       .....                  (no boots)
Stlth    +.........             (no amulet)
HPRegen  0.08/turn              g - ring of attention (curse)
MPRegen  0.13/turn              k - +2 ring of protection

@: lethally poisoned (-1 -> -8), very slightly contaminated
A: no striking features
a: no special abilities


You were on level 4 of the Dungeon.
You were hungry.

You visited 1 branch of the dungeon, and saw 5 of its levels.

You collected 141 gold pieces.

Inventory:

Hand Weapons
 j - a +0 short sword (weapon)
Armour
 c - a +0 robe (worn)
 f - a +0 pair of gloves (worn)
Magical Staves
 m - an uncursed staff of death
Jewellery
 g - a cursed ring of attention (left hand)
 k - a +2 ring of protection (right hand)
 l - an uncursed ring of positive energy
Scrolls
 e - 2 scrolls of remove curse {unknown}
 h - a scroll of noise {unknown}
 i - 4 scrolls of identify {unknown}
 o - a scroll of blinking {unknown}
 u - a scroll of immolation {unknown}
 v - a scroll of enchant armour {unknown}
Potions
 a - a potion of lignification {unknown}
 b - a potion of mutation {unknown}
 n - a potion of heal wounds {unknown}
 p - 2 potions of ambrosia {unknown}
 q - a potion of haste {unknown}
 r - 3 potions of curing {unknown}
 t - a potion of cancellation {unknown}
Comestibles
 d - a ration
 s - a chunk of flesh


   Skills:
 - Level 2.4 Dodging
 - Level 2.4 Stealth
 + Level 4.5 Spellcasting
   Level 1.1 Transmutations
 * Level 5.3 Earth Magic


You had 8 spell levels left.
You knew the following spells:

 Your Spells              Type           Power        Failure   Level  Hunger
a - Stone Arrow           Conj/Erth      ###...       12%         3    ##.....
b - Sandblast             Erth           ####..       1%          1    None

Your spell library contained the following spells:

 Spells                   Type           Power        Failure   Level  Hunger
 Passwall                 Tmut/Erth      ###.....     4%          2    #......
 Petrify                  Tmut/Erth      ###.....     30%         4    ####...
 Lee's Rapid Deconstruct  Erth           ####......   34%         5    ######.


Dungeon Overview and Level Annotations

Branches:
Dungeon (5/15)
 Temple: D:4-7

Altars:
Cheibriados
Hepliaklqana
Kikubaaqudgha


Message History

Press: ? - help, Shift-Dir - straight line, f - worker ant
Aim: a worker ant The stone arrow hits the worker ant!
The worker ant is almost dead.
The worker ant bites you.
* * * LOW HITPOINT WARNING * * *
The worker ant bites you.
* * * LOW HITPOINT WARNING * * *
You are lethally poisoned!
The worker ant poisons you!
Unknown command.
Casting: Stone Arrow (safe; 12% risk of failure)
Confirm with . or Enter, or press ? or * to list all spells.
You don't have enough magic to cast that spell.
Unknown command.
You hit the worker ant but do no damage.
The worker ant is almost dead.
* * * LOW HITPOINT WARNING * * *
You feel sick. The worker ant bites you.
You die...

## #.........
...####.......#
?.....#..#...
#......>##.#
#..........#
..#.......###
###...#ooo##
#..#####..####
#..# ##oa@.#
#..# ####....#
.... ###....
### ###


You could see a worker ant and 4 orcs.

Vanquished Creatures
  An orc wizard (D:5)
  3 adders (D:2)
  An ooze (D:1)
  3 dart slugs
  4 leopard geckos (D:2)
  3 giant cockroaches
  3 goblins
  6 hobgoblins
  A quokka (D:2)
  A ball python (D:1)
  5 bats (D:1)
  7 frilled lizards
  5 kobolds
  5 rats
48 creatures vanquished.

Notes
Turn   | Place    | Note
-------+----------+-------------------------------------------
     0 | D:1      | Hasart the Deep Elf Earth Elementalist began the quest for
                  | the Orb.
     0 | D:1      | Reached XP level 1. HP: 10/10 MP: 6/6
   219 | D:1      | Reached XP level 2. HP: 15/15 MP: 6/8
   374 | D:1      | Reached skill level 4 in Earth Magic
   755 | D:1      | Reached XP level 3. HP: 19/19 MP: 8/10
  1113 | D:2      | Reached XP level 4. HP: 24/24 MP: 9/12
  1406 | D:2      | Found a hazy altar of Hepliaklqana.
  1412 | D:2      | Found an ancient bone altar of Kikubaaqudgha.
  1416 | D:2      | Found a snail-covered altar of Cheibriados.
  1531 | D:2      | Learned a level 3 spell: Stone Arrow
  1617 | D:2      | Reached skill level 5 in Earth Magic
  1959 | D:3      | You fall through a shaft!
  1962 | D:5      | Entered Level 5 of the Dungeon
  1976 | D:4      | Slain by a worker ant

Skill      XL: |  1  2  3  4 |
---------------+-------------+-----
Earth Magic    | 4 5 |  5.3
Spellcasting   | 4 |  4.5
Dodging        | |  2.4
Stealth        | |  2.4
Transmutations | |  1.1

Action                   |  1- 3 |  4- 6 || total
-------------------------+-------+-------++-------
Melee: Unarmed           |     1 |       ||     1
       Short sword       |     4 |    18 ||    22
 Cast: Sandblast         |    40 |     7 ||    47
       Stone Arrow       |       |     8 ||     8
  Eat: Chunk             |       |     3 ||     3
Armor: Robe              |     5 |     4 ||     9
Dodge: Dodged            |    12 |    20 ||    32
